 Dungeon Crawl Stone Soup version 0.30-a0-313-gae38170b09 (webtiles) character file.

Game seed: 12569516710009486104

147 gelatine the Firebug (level 5, 0/35 HPs)
             Began as a Demonspawn Fire Elementalist on Oct 26, 2022.
             Killed from afar by an orc wizard (5 damage)
             ... with a magic dart
             ... on level 3 of the Dungeon.
             The game lasted 00:07:56 (2524 turns).

gelatine the Firebug (Demonspawn Fire Elementalist) Turns: 2524, Time: 00:07:56

Health: 0/35       AC:  3    Str:  8    XL:     5   Next: 7%
Magic:  1/9        EV: 12    Int: 18    God:
Gold:   203        SH:  0    Dex: 14    Spells: 7/10 levels left

rFire   + . .      SeeInvis .    e - +0 dagger
rCold   x . .      Faith    .    (no shield)
rNeg    . . .      Spirit   .    a - +0 robe
rPois   .          Reflect  .    (helmet restricted)
rElec   .          Harm     .    k - +0 cloak
rCorr   +          Rampage  .    (no gloves)
Will    .....                    (no boots)
Stlth   +.........               (no amulet)
HPRegen 0.25/turn                d - ring of fire
MPRegen 0.11/turn                i - ring of resist corrosion

@: confused
A: antennae 1, hooves 2
a: no special abilities


You were on level 3 of the Dungeon.
You visited 1 branch of the dungeon, and saw 3 of its levels.

You collected 203 gold pieces.

Inventory:

Hand Weapons
 e - a +0 dagger (weapon)
Missiles
 p - 2 curare-tipped darts
Armour
 a - a +0 robe (worn)
 k - a +0 cloak (worn)
Jewellery
 d - a ring of fire (left hand)
 i - a ring of resist corrosion (right hand)
Scrolls
 c - a scroll of torment {unknown}
 f - a scroll of fog {unknown}
 h - a scroll of summoning {unknown}
 l - a scroll of amnesia {unknown}
 m - a scroll of fear {unknown}
 o - a scroll of silence {unknown}
 r - 2 scrolls of enchant weapon {unknown}
Potions
 b - a potion of magic
 g - a potion of berserk rage
 j - 2 potions of curing
 n - a potion of cancellation
 q - a potion of flight
 s - a potion of degeneration {unknown}
 t - a potion of lignification {unknown}


   Skills:
 + Level 0.7 Short Blades
 + Level 2.1 Dodging
 + Level 2.1 Stealth
 + Level 3.0 Spellcasting
 + Level 2.4 Conjurations
 + Level 3.6 Fire Magic


You had 7 spell levels left.
You knew the following spells:

 Your Spells              Type           Power      Damage    Failure   Level
a - Foxfire               Conj/Fire      80%        2x1d8     4%          1
b - Scorch                Fire           46%        2d7       5%          2

Your spell library contained the following spells:

 Spells                   Type           Power      Damage    Failure   Level
 Inner Flame              Hex/Fire       13%        N/A       24%         3
 Kindle Blastsparks       Fire/Tloc/Air  20%        2d11      30%         3
 Flame Wave               Conj/Fire      20%        2d7       43%         4


Dungeon Overview and Level Annotations

Branches:
Dungeon (3/15)

Altars:


Innate Abilities, Weirdness & Mutations

You have a pair of small antennae on your head.
You have hoof-like feet.


Message History

The orc wizard hits you but does no damage.
You barely miss the orc wizard.
You kick the orc wizard, but do no damage.
The orc wizard is severely wounded.
The orc wizard completely misses you.
Casting: Foxfire (safe; 4% risk of failure)
Confirm with . or Enter, or press ? or * to list all spells.
You feel a surge of power!
You conjure some foxfire!
The orc wizard barely misses you.
You hit the orc wizard but do no damage.
The orc wizard is severely wounded.
The foxfire hits the orc wizard.
The orc wizard is almost dead.
The foxfire hits the orc wizard.
The orc wizard is almost dead.
The orc wizard hits you but does no damage.
You closely miss the orc wizard. Your punch misses the orc wizard.
The orc wizard is almost dead.
The orc wizard barely misses you.
You hit the orc wizard but do no damage.
The orc wizard is almost dead.
The orc wizard points at you and mumbles some strange words.
You are confused.
You're too confused to cast spells.
Sorry, you're not good enough to have a special ability.
You hit the orc wizard. Your kick misses the orc wizard.
The orc wizard is almost dead.
The orc wizard hits you with a +0 dagger.
* * * LOW HITPOINT WARNING * * *
The orc wizard gestures at you while chanting.
The puff of flame hits you. You resist.
* * * LOW HITPOINT WARNING * * *
You miss the orc wizard.
The orc wizard is almost dead.
The orc wizard hits you with a +0 dagger.
* * * LOW HITPOINT WARNING * * *
You bump into the rock wall.
The orc wizard gestures at you while chanting.
The magic dart hits you.
You die...

########## #........####
#............ #@o#.......#.
#).#.~o..~.# #..#.o.....#
################..#.l.....#
.[.............>..#.......#
#################.#.~...~.#
# #.#.......# # #.##.....##
# #.## oo$# #


You could see an orc wizard.

Vanquished Creatures
  An orc priest (D:3)
  4 adders
  2 dart slugs (D:3)
  3 orcs (D:3)
  6 ball pythons
  9 endoplasms
  A giant cockroach (D:3)
  6 goblins
  6 jackals (D:1)
  6 quokkas
  11 bats
  4 frilled lizards
  5 kobolds (D:1)
  5 rats
69 creatures vanquished.

Vanquished Creatures (others)
  225 foxfires
225 creatures vanquished.

Grand Total: 294 creatures vanquished

Notes
Turn   | Place    | Note
-------+----------+-------------------------------------------
     0 | D:1      | gelatine the Demonspawn Fire Elementalist began the quest
                  | for the Orb.
     0 | D:1      | Reached XP level 1. HP: 13/13 MP: 3/3
   326 | D:1      | Discovered your monstrous ancestry.
   326 | D:1      | Gained mutation: You have large cloven feet. [demonic
                  | ancestry]
   326 | D:1      | Reached XP level 2. HP: 19/19 MP: 0/5
   597 | D:1      | Learned a level 2 spell: Scorch
   782 | D:1      | Gained mutation: You have a pair of small antennae on your
                  | head. [demonic ancestry]
   782 | D:1      | Reached XP level 3. HP: 24/24 MP: 2/6
  1427 | D:2      | Gained mutation: You have hoof-like feet. [demonic
                  | ancestry]
  1427 | D:2      | Reached XP level 4. HP: 27/30 MP: 3/7
  1667 | D:2      | Found a faded altar of an unknown god.
  2499 | D:3      | Reached XP level 5. HP: 28/35 MP: 2/9
  2524 | D:3      | Killed from afar by an orc wizard

Illustrated notes

Levels and vault maps discovered:
D:1:      lemuel_arrival_muddy, layout_rooms
D:2:      layout_rooms, ebering_ecumenical_altar_box
D:3:      cheibrodos_pilgrimage, layout_rooms

Skill      XL: |  1  2  3  4 |
---------------+-------------+-----
Fire Magic     | 3 |  3.6
Stealth        | 2 |  2.1
Dodging        | 2 |  2.1
Conjurations   | 2 |  2.4
Spellcasting   | 3 |  3.0
Short Blades   | |  0.7

Action                   |  1- 3 |  4- 6 || total
-------------------------+-------+-------++-------
Melee: Dagger            |    32 |    38 ||    70
       Kick              |     5 |     9 ||    14
       Punch             |     1 |       ||     1
 Cast: Foxfire           |    71 |    70 ||   141
       Scorch            |     2 |     3 ||     5
  Use: Scroll            |       |     4 ||     4
Armor: Robe              |     5 |     8 ||    13
Dodge: Dodged            |    33 |    18 ||    51

Table legend: (Time is in decaauts)
 A = Elapsed time spent in this place.
 B = Non-inter-level travel time spent in this place.
 C = Inter-level travel time spent in this place.
 D = Time resting spent in this place.
 E = Time spent auto-exploring this place.
 F = Levels seen in this place.
 G = Mean time per level.
                   A        B        C        D        E       F      G
               +--------+--------+--------+--------+--------+-----+--------+
         Total |   2521 |   2505 |     16 |     28 |   1852 |   3 |  840.3 |
       Dungeon |   2521 |   2505 |     16 |     28 |   1852 |   3 |  840.3 |
               +--------+--------+--------+--------+--------+-----+--------+

Top non-repeatable levels by time:
     D:1: 1112 daAuts
     D:2: 815 daAuts
     D:3: 593 daAuts
